 Dungeon Crawl Stone Soup version 0.31-a0-819-gf6de2f5ab6 (webtiles) character file.

Game seed: 14982709369698187399

101 DocSulfur the Slasher (level 4, -2/51 HPs)
             Began as a Vampire Berserker on Sept 23, 2023.
             Was a Believer of Trog.
             Slain by a gnoll
             ... wielding a +0 halberd
              (5 damage)
             ... on level 3 of the Dungeon.
             The game lasted 00:06:06 (1971 turns).

DocSulfur the Slasher (Vampire Berserker)           Turns: 1971, Time: 00:06:06

Health: -2/51      AC:  4    Str: 16    XL:     4   Next: 48%
Magic:  4/4        EV: 12    Int:  9    God:    Trog [**....]
Gold:   114        SH:  0    Dex: 15    Spells: 3/3 levels left

rFire   . . .        h - +0 rapier
rCold   . . .        (no shield)
rNeg    . . .        k - +0 leather armour
rPois   .            (no helmet)
rElec   .            f - +0 cloak
rCorr   .            (no gloves)
SInv    +            (no boots)
Will    .....        (no amulet) Stlth
                     (no ring)
HPRegen 0.48/turn    (no ring)
MPRegen 0.09/turn

%: no passive effects
@: berserking, healing quickly, very quick
A: alive, fangs 3, see invisible, vampiric 2
a: Exsanguinate, Renounce Religion, Berserk, Trog's Hand


You were on level 3 of the Dungeon.
You worshipped Trog.
Trog was pleased with you.
You visited 1 branch of the dungeon, and saw 3 of its levels.

You collected 114 gold pieces.

Inventory:

Hand Weapons
 a - a +0 falchion
 h - a +0 rapier (weapon)
Armour
 b - a +0 animal skin
 f - a +0 cloak (worn)
 k - a +0 leather armour (worn)
 l - a +0 scale mail
Scrolls
 d - 2 scrolls of identify {unknown}
 g - a scroll of poison {unknown}
 i - a scroll of revelation {unknown}
Potions
 c - a potion of ambrosia {unknown}
 e - a potion of haste {unknown}
 j - a potion of brilliance {unknown}
 m - a potion of mutation {unknown}
 n - a potion of curing {unknown}


   Skills:
 - Level 2.8 Fighting
 * Level 4.7 Long Blades
 - Level 1.8 Armour
 + Level 3.0 Dodging


You had 3 spell levels left.
You didn't know any spells.
Your spell library contained the following spells:

 Spells                   Type           Power      Damage    Failure   Level
 Magic Dart               Conj           0%         1d3       45%         1
 Call Imp                 Summ           0%         N/A       58%         2
 Mephitic Cloud           Conj/Pois/Air  0%         N/A       83%         3


Dungeon Overview and Level Annotations

Branches:
Dungeon (3/15)

Altars:
Ru


Innate Abilities, Weirdness & Mutations

Your natural rate of healing is accelerated.
You have razor-sharp teeth.
You have supernaturally acute eyesight. (SInv)
You are afflicted with vampirism and can become a bat while bloodless.


Message History

Trog accepts your kill.
Things that are here:
a jackal corpse; a jackal corpse
Found a spear.
A gnoll comes into view. It is wielding a +0 halberd.
Found a scroll labelled BAAREN SOSAIL.
Found a stone staircase leading down.
The gnoll shouts! 2 gnolls come into view.
A gnoll is wielding a +2 flail of holy wrath.
The gnoll shouts! x2
A red film seems to cover your vision as you go berserk!
You feel yourself moving faster!
You feel mighty!
The gnoll hits you from afar with a +0 halberd!
A ball python comes into view.
You feel a strong urge to attack something.
The ball python hisses angrily.
The gnoll closely misses you.
You barely miss the gnoll. The gnoll barely misses you.
The gnoll hits you from afar with a +0 halberd.
You puncture the gnoll! You bite the gnoll.
The gnoll is severely wounded.
You closely miss the gnoll.
The gnoll is severely wounded.
The gnoll hits you with a +2 flail of holy wrath.
You convulse.
The gnoll closely misses you. The gnoll barely misses you.
You barely miss the gnoll.
The gnoll is severely wounded.
The gnoll barely misses you. The gnoll closely misses you.
The gnoll hits you from afar with a +0 halberd!
You completely miss the gnoll.
The gnoll is severely wounded.
You closely miss the gnoll.
The gnoll is severely wounded.
The gnoll hits you with a +2 flail of holy wrath!
You convulse!
* * * LOW HITPOINT WARNING * * *
The gnoll hits you from afar with a +0 halberd.
* * * LOW HITPOINT WARNING * * *
The gnoll hits you from afar with a +0 halberd.
You die...

.....#..
#..........#
####....
#..........#.
........
#............
........
#...>.?.....#
##...... #..)......
###......
#..ggS.#.#..........
#.g..........#.....
#.@# ##.## #.....).
#..# ..... #.......
#..#.......#.......
#..#.......#.#.....
##....._.....##....
#.#.......#.......
#†#.......#.....##
#.# ..... #...###
#.####.####...#


You could see 3 gnolls and a ball python.

Vanquished Creatures
  A hound (D:3)
  An adder (D:2)
  A worm (D:2)
  A dart slug (D:2)
  3 orcs (D:2)
  A ball python (D:2)
  7 endoplasms
  3 giant cockroaches (D:1)
  5 goblins
  2 hobgoblins (D:2)
  2 jackals (D:3)
  4 quokkas
  5 bats
  5 frilled lizards
  6 kobolds
  5 rats
52 creatures vanquished.

Notes
Turn   | Place    | Note
-------+----------+-------------------------------------------
     0 | D:1      | DocSulfur the Vampire Berserker began the quest for the
                  | Orb.
     0 | D:1      | Reached XP level 1. HP: 17/17 MP: 1/1
   117 | D:1      | Reached XP level 2. HP: 23/23 MP: 2/2
  1108 | D:2      | Reached ** piety under Trog
  1121 | D:2      | Gained mutation: You are afflicted with vampirism and can
                  | become a bat while bloodless. [Vampire growth]
  1121 | D:2      | Reached XP level 3. HP: 28/28 MP: 3/3
  1247 | D:2      | Reached skill level 4 in Long Blades
  1832 | D:3      | Reached XP level 4. HP: 18/34 MP: 4/4
  1940 | D:3      | Found a sacrificial altar of Ru.
  1971 | D:3      | Slain by a gnoll

Illustrated notes

Levels and vault maps discovered:
D:1:      dpeg_arrival_tiny_f, layout_loops_corners
D:2:      layout_rooms, st_stairs_2, minmay_misc_feat_five
D:3:      layout_rooms, old_standard_altar, amethyst_overflow_temple_binary,
          hellmonk_ecumenical_altar_crossroads

Skill      XL: |  1  2  3 |
---------------+----------+-----
Long Blades    | 4 |  4.7
Dodging        | 3 |  3.0
Fighting       | |  2.8
Armour         | |  1.8

Action                     |  1- 3 |  4- 6 || total
---------------------------+-------+-------++-------
  Melee: Falchion          |    79 |       ||    79
         Bite              |    18 |     1 ||    19
         Rapier            |    90 |    31 ||   121
         Punch             |     2 |       ||     2
 Invoke: Berserk           |       |     1 ||     1
   Stab: Sleeping          |     2 |       ||     2
 Armour: Animal skin       |    73 |       ||    73
         Leather armour    |    10 |    19 ||    29
         Scale mail        |     3 |       ||     3
         Skin              |     3 |       ||     3
  Dodge: Dodged            |    97 |    15 ||   112

Table legend: (Time is in decaauts)
 A = Elapsed time spent in this place.
 B = Non-inter-level travel time spent in this place.
 C = Inter-level travel time spent in this place.
 D = Time resting spent in this place.
 E = Time spent auto-exploring this place.
 F = Levels seen in this place.
 G = Mean time per level.
                   A        B        C        D        E       F      G
               +--------+--------+--------+--------+--------+-----+--------+
         Total |   1987 |   1888 |     99 |     83 |    784 |   3 |  662.3 |
       Dungeon |   1987 |   1888 |     99 |     83 |    784 |   3 |  662.3 |
               +--------+--------+--------+--------+--------+-----+--------+

Top non-repeatable levels by time:
     D:1: 1090 daAuts
     D:2: 739 daAuts
     D:3: 157 daAuts
